 Dungeon Crawl Stone Soup version 0.23-a0-454-gae4fabde77 (webtiles) character file.

293 Iloish the Digger (level 6, -2/32 HPs)
             Began as a Gargoyle Earth Elementalist on Nov 24, 2018.
             Shot with an arrow by a centaur (13 damage)
             ... on level 4 of the Dungeon.
             The game lasted 00:08:18 (3556 turns).

Iloish the Digger (Gargoyle Earth Elementalist)     Turns: 3556, Time: 00:08:19

Health: -2/32      AC:  7    Str: 12    XL:     6   Next: 33%
Magic:  9/12       EV: 12    Int: 17    God:
Gold:   192        SH:  0    Dex: 10    Spells: 4/13 levels left

rFire    . . .     SeeInvis .   e - +2 dagger (drain)
rCold    . . .     Gourm    .   (no shield)
rNeg     + . .     Faith    .   c - +0 robe
rPois    ∞         Spirit   .   a - +0 helmet
rElec    +         Reflect  .   (no cloak)
rCorr    .         Harm     .   (no gloves)
MR       .....                  (no boots)
Stlth    ++........             (no amulet)
HPRegen  0.10/turn              (no ring)
MPRegen  0.13/turn              (no ring)

@: no status effects
A: negative energy resistance 1, electricity resistance, unbreathing,
petrification resistance, rot immunity, AC +4
a: no special abilities


You were on level 4 of the Dungeon.
You were not hungry.

You visited 1 branch of the dungeon, and saw 4 of its levels.

You collected 192 gold pieces.

Inventory:

Hand Weapons
 e - a +2 dagger of draining (weapon)
 n - a +1 mace of holy wrath
 s - a +2 dagger of venom
Missiles
 b - 62 stones (quivered)
Armour
 a - a +0 helmet (worn)
 c - a +0 robe (worn)
Wands
 q - a wand of scattershot (1)
Scrolls
 g - 2 scrolls of identify
 h - 2 scrolls of magic mapping
 k - a scroll of remove curse {unknown}
 m - 2 scrolls of teleportation {unknown}
 o - 3 scrolls of random uselessness {unknown}
Potions
 i - a potion of ambrosia
 j - a potion of lignification
 l - a potion of cancellation
 p - 2 potions of curing
Comestibles
 d - 6 rations


   Skills:
 - Level 1.5 Dodging
 - Level 2.1 Stealth
 + Level 4.0 Spellcasting
 + Level 3.0 Conjurations
   Level 0.7 Transmutations
 + Level 5.8 Earth Magic


You had 4 spell levels left.
You knew the following spells:

 Your Spells              Type           Power        Failure   Level  Hunger
a - Sandblast             Erth           ###...       1%          1    None
b - Stone Arrow           Conj/Erth      ###...       8%          3    ###....
c - Lee's Rapid Deconstr  Erth           ###.......   38%         5    ######.

Your spell library contained the following spells:

 Spells                   Type           Power        Failure   Level  Hunger
 Passwall                 Tmut/Erth      ##......     6%          2    ##.....
 Petrify                  Tmut/Erth      ##......     38%         4    ####...


Dungeon Overview and Level Annotations

Branches:
Dungeon (4/15)
 Temple: D:4-7

Altars:
Cheibriados
Zin


Innate Abilities, Weirdness & Mutations

You are resistant to torment.
Your stone body is resilient. (AC +4)
You are immune to poison.
You resist negative energy. (rN+)
You are resistant to electric shocks. (rElec)
You can survive without breathing.
You are immune to petrification.
You are immune to rotting.


Message History

a +0 giant club; an ogre corpse
d - 6 rations (gained 1)
Things that are here:
a +0 giant club; an ogre corpse You butcher the ogre corpse.
f - a chunk of flesh
Things that are here:
a +0 giant club; an ogre skeleton Eat a chunk of flesh? (ye/n/q)
You eat the chunk of flesh.
This raw flesh tastes terrible.
A centaur comes into view.
The centaur shouts!
The centaur wields a +0 shortbow.
The centaur shoots an arrow.
The arrow hits you.
You see here an arrow.
The centaur shoots an arrow.
The arrow hits you!
You see here an arrow.
You hear the slow hiss of a very distant avalanche of sand.
The centaur shoots an arrow.
The arrow hits you!
You die...

**,,*,,,,***≈≈≈≈≈*****,,**
****,,,,**≈≈≈≈≈≈≈* *,***
**,,,,**≈≈,,,≈≈****,,,,
##.,,*,,+,,,_,≈≈**,,,,,,
****...,****≈≈,,,≈≈*,,,,,,,
**,,,,#..* *≈≈≈≈≈≈≈*,,,,,,,
*,,,,,#..#####≈≈≈≈≈*#..,,,,,
**,*.##...#..#######...,,,,,
*,,*.......@(#.........,,,,,
*,,,....##..(..........,,,,,
**,,.,,,*#....#......#*,.*,,
********##...#...c####.#*,,
#..............#*,,
###.)...##..#..#,>,
#..........##..#,,.
#.............#***.
#.....#.......# *..


You could see a centaur.

Vanquished Creatures
  An ogre (D:4)
  A hound (D:4)
  An iguana (D:3)
  Ijyb (D:3)
  A worker ant (D:3)
  A gnoll (D:1)
  An adder (D:2)
  A worm (D:2)
  3 dart slugs (D:1)
  A leopard gecko (D:1)
  4 giant cockroaches
  6 goblins
  6 hobgoblins
  11 jackals
  10 kobolds
  3 quokkas
  2 ball pythons (D:1)
  7 bats
  6 frilled lizards
  6 rats
73 creatures vanquished.

Notes
Turn   | Place    | Note
-------+----------+-------------------------------------------
     0 | D:1      | Iloish the Gargoyle Earth Elementalist began the quest for
                  | the Orb.
     0 | D:1      | Reached XP level 1. HP: 10/10 MP: 3/3
   308 | D:2      | Reached skill level 4 in Earth Magic
   308 | D:2      | Reached XP level 2. HP: 15/15 MP: 0/5
   624 | D:1      | Reached XP level 3. HP: 13/19 MP: 7/7
  1345 | D:1      | Learned a level 3 spell: Stone Arrow
  1505 | D:1      | Reached XP level 4. HP: 24/24 MP: 3/8
  1896 | D:2      | Reached skill level 1 in Conjurations
  2134 | D:2      | Found a snail-covered altar of Cheibriados.
  2134 | D:2      | Found a glowing silver altar of Zin.
  2958 | D:3      | Noticed Ijyb
  2972 | D:3      | Reached skill level 5 in Earth Magic
  2972 | D:3      | Reached XP level 5. HP: 20/28 MP: 8/10
  2985 | D:3      | Killed Ijyb
  3528 | D:4      | Noticed an ogre
  3536 | D:4      | Killed an ogre
  3536 | D:4      | Reached XP level 6. HP: 29/32 MP: 6/12
  3543 | D:4      | Learned a level 5 spell: Lee's Rapid Deconstruction
  3556 | D:4      | Shot with an arrow by a centaur

Vault maps used:
D:1:      minmay_arrival_jagged, corexii_corridor_pit,
          hangedman_abyss_or_decor_lesser_grid, serial_bayou_pond_b
D:2:      gammafunk_temple_overflow_pools, roderic_nine_men_s_morris
D:3:      uniq_ijyb
D:4:      led_sif_pool, enter_ossuary_4, first_ration

Skill      XL: |  1  2  3  4  5 |
---------------+----------------+-----
Earth Magic    | 4 5 |  5.8
Spellcasting   | 3 4 |  4.0
Conjurations   | 1 3 |  3.0
Dodging        | |  1.5
Stealth        | |  2.1
Transmutations | |  0.7

Action                   |  1- 3 |  4- 6 || total
-------------------------+-------+-------++-------
Melee: Unarmed           |    24 |       ||    24
       Club              |    54 |       ||    54
       Mace              |    12 |       ||    12
       Dagger            |     2 |   142 ||   144
 Cast: Sandblast         |    21 |    19 ||    40
  Use: Scroll            |       |     6 ||     6
 Stab: Sleeping          |       |     4 ||     4
  Eat: Chunk             |     2 |     7 ||     9
Armor: Robe              |    43 |    64 ||   107
Dodge: Dodged            |    77 |    94 ||   171

Table legend:
 A = Non-vault XP
 B = Vault XP
 C = Vault XP percentage of total XP
 D = Non-vault monster count
 E = Vault monster count
 F = Vault count percentage of total count
                 A         B        C        D         E       F
            +---------+---------+-------+---------+---------+-------
      Total |     376 |      43 |  10.3 |      67 |       6 |   8.2
            +---------+---------+-------+---------+---------+-------
        D:1 |      70 |       7 |   9.1 |      31 |       5 |  13.9
        D:2 |      46 |       0 |   0.0 |      18 |       0 |   0.0
        D:3 |      93 |      36 |  27.9 |      16 |       1 |   5.9
        D:4 |     167 |       0 |   0.0 |       2 |       0 |   0.0
            +---------+---------+-------+---------+---------+-------
